 Dungeon Crawl Stone Soup version 0.24-a0-189-g5d897e9104 (webtiles) character file.

Game seed: 6297842649619926700

1880 PikkenKukken the Martial Artist (level 9, -6/47 HPs)
             Began as a Vine Stalker Transmuter on Mar 17, 2019.
             Splashed by a jelly's acid (8 damage)
             ... on level 7 of the Dungeon.
             The game lasted 00:22:11 (7621 turns).

PikkenKukken the Martial Artist (VSTm)              Turns: 7621, Time: 00:22:12

Health: -6/47      AC:  2    Str: 13    XL:     9   Next: 14%
Magic:  0/16       EV: 22    Int: 14    God:
Gold:   190        SH:  0    Dex: 22    Spells: 10/16 levels left

rFire    . . .     SeeInvis .     - Unarmed
rCold    + . .     Gourm    .   (shield currently unavailable)
rNeg     . . .     Faith    .   (armour currently unavailable)
rPois    x         Spirit   +   (helmet currently unavailable)
rElec    .         Reflect  .   (cloak currently unavailable)
rCorr    .         Harm     .   (gloves currently unavailable)
MR       +....                  (boots currently unavailable)
Stlth    ++........             (no amulet)
HPRegen  0.55/turn              r - ring of protection from cold
MPRegen  0.15/turn              (no ring)

@: spider-form (expiring)
A: tiny, regeneration 1, magic shield, no potion heal 3, rot immunity
a: End Transformation


You were on level 7 of the Dungeon.
You were hungry.
You were a venomous arachnid creature.
You visited 2 branches of the dungeon, and saw 9 of its levels.

You collected 415 gold pieces.
You spent 225 gold pieces at shops.

Inventory:

Missiles
 a - 86 arrows
 l - 7 javelins (quivered)
Armour
 b - a +0 robe (melded)
 g - a +1 cloak (melded)
 i - a +0 buckler
 o - a +2 hat (melded)
 t - a +0 pair of boots (melded)
Jewellery
 r - a ring of protection from cold (left front leg)
Wands
 f - a wand of flame (23)
 q - a wand of digging (6)
 x - a wand of disintegration (11)
Scrolls
 c - 2 scrolls of identify
 e - 2 scrolls of fear
 j - 5 scrolls of teleportation
 s - a scroll of remove curse
 u - a scroll of magic mapping {unknown}
Potions
 h - 3 potions of curing
 k - a potion of mutation
 m - a potion of brilliance
 n - a potion of flight
 p - a potion of resistance
 w - a potion of agility {unknown}
Comestibles
 d - 9 rations


   Skills:
 - Level 5.0 Fighting
 + Level 3.3 Dodging
 - Level 3.0 Shields
 * Level 8.5 Unarmed Combat
 - Level 4.0 Spellcasting
 - Level 2.0 Transmutations
 - Level 1.0 Poison Magic


You had 10 spell levels left.
You knew the following spells:

 Your Spells              Type           Power        Failure   Level  Hunger
a - Beastly Appendage     Tmut           #.....       22%         1    None
b - Sticks to Snakes      Tmut           #.......     30%         2    ##.....
c - Spider Form           Tmut/Pois      #.........   52%         3    ###....

Your spell library contained the following spells:

 Spells                   Type           Power        Failure   Level  Hunger
 Corona                   Hex            #......      38%         1    None
 Slow                     Hex            #.......     50%         2    ##.....
 Inner Flame              Hex/Fire       #.......     71%         3    ###....
 Portal Projectile        Hex/Tloc       #.....       71%         3    ###....
 Ice Form                 Ice/Tmut       #.......     90%         4    ####...
 Cause Fear               Hex            #.........   96%         4    ####...
 Leda's Liquefaction      Hex/Erth       #.........   96%         4    ####...
 Blade Hands              Tmut           #.........   98%         5    ######.


Dungeon Overview and Level Annotations

Branches:
Dungeon (8/15)             Temple (1/1) D:7
   Lair: D:8-11

Altars:
Ashenzari
Cheibriados
Dithmenos
Elyvilon
Gozag
Hepliaklqana
Nemelex Xobeh
Okawaru
Qazlal
Ru
Sif Muna
Trog
Vehumet
Wu Jian
Xom
Yredelemnul
Zin

Shops:
D:5 *

Annotations:
D:2 1 runed translucent door, Crazy Yiuf
D:4 Grinder, Menkaure


Innate Abilities, Weirdness & Mutations

((You have razor-sharp teeth.))
Your natural rate of healing is unusually fast.
When hurt, damage is shared between your health and your magic reserves.
((Your bite disrupts and absorbs the magic of your enemies.))
Potions cannot restore your health.
You are immune to rotting.


Message History

You kill the orc wizard!
Something completely misses you. Something hits you.
* * * LOW HITPOINT WARNING * * *
The jelly barely misses you.
Unknown command.
Unknown command.
You hit the jelly.
The jelly is poisoned.
Your front legs burn!
* * * LOW HITPOINT WARNING * * *
The jelly is moderately wounded.
Something misses you. The jelly misses you.
Your ball python bites the jelly.
Your ball python is burned by acid!
Your ball python withers and dies!
Your ball python bites something but does no damage.
You hit the jelly.
The jelly looks as sick as possible!
Your front legs burn!
* * * LOW HITPOINT WARNING * * *
The jelly is heavily wounded.
Something barely misses you. x2; Something completely misses you.
The jelly hits you.
* * * LOW HITPOINT WARNING * * *
You are splashed with acid!
You die...

.h#................#.....#.....
#####.......##.#...........###...
....###.....#..#.#.......### ##..
.............#...........## #..#
.#..........##............# ##...
........<..###............###...#
..#........###..............#...#
.......>.......)................#
#..............Ss÷.....[.........
.......##......SJ................
........#................).......
#.#.....#.................(......
####........................###..
#.........#..............###.#
##......####..............##.#
#........##..................
##.####......................


You could see a jelly, a friendly adder and a friendly ball python.

Vanquished Creatures
  An ice beast (D:7)
  4 ogres
  A centaur (D:6)
  A bullfrog (D:6)
  2 scorpions (D:7)
  6 killer bees
  A howler monkey (D:5)
  A crimson imp (D:6)
  A hound (D:7)
  3 jellies
  An orc priest (D:7)
  2 bullfrog skeletons
  Terence (D:3)
  7 worker ants
  5 orc wizards
  4 gnolls (D:4)
  A worker ant zombie (D:5)
  12 adders
  An ooze (D:2)
  An adder zombie (D:8)
  A worm (D:2)
  8 leopard geckos
  17 orcs
  6 giant cockroaches
  9 hobgoblins
  14 jackals
  12 kobolds
  4 quokkas
  7 bats
  10 frilled lizards
  A quokka zombie (D:6)
  10 rats
155 creatures vanquished.

Vanquished Creatures (collateral kills)
  An ogre (D:6)
  2 worms (D:2)
3 creatures vanquished.

Vanquished Creatures (others)
  A plant (D:1)
1 creature vanquished.

Grand Total: 159 creatures vanquished

Notes
Turn   | Place    | Note
-------+----------+-------------------------------------------
     0 | D:1      | PikkenKukken the Vine Stalker Transmuter began the quest
                  | for the Orb.
     0 | D:1      | Reached XP level 1. HP: 9/9 MP: 4/4
    89 | D:1      | Reached skill level 1 in Fighting
   445 | D:1      | Reached XP level 2. HP: 14/14 MP: 4/6
   454 | D:1      | Learned a level 2 spell: Sticks to Snakes
  1070 | D:1      | Reached XP level 3. HP: 10/18 MP: 2/8
  1231 | D:1      | Learned a level 3 spell: Spider Form
  2086 | D:2      | Gained mutation: Your natural rate of healing is unusually
                  | fast. [Vine Stalker growth]
  2086 | D:2      | Reached XP level 4. HP: 11/23 MP: 7/9
  2299 | D:2      | Reached skill level 4 in Unarmed Combat
  2333 | D:2      | Found a faded altar of an unknown god.
  2490 | D:2      | Found a runed translucent door.
  2491 | D:2      | Noticed Crazy Yiuf
  2550 | D:2      | Reached XP level 5. HP: 20/27 MP: 4/11
  2744 | D:3      | Noticed Terence
  2756 | D:3      | Killed Terence
  3452 | D:3      | Found a sacrificial altar of Ru.
  3645 | D:3      | Reached XP level 6. HP: 11/32 MP: 6/13
  3816 | D:4      | Noticed Menkaure
  3862 | D:4      | Reached skill level 1 in Poison Magic
  4157 | D:4      | Reached skill level 1 in Shields
  4222 | D:4      | Noticed Grinder
  4284 | D:5      | Entered Level 5 of the Dungeon
  4289 | D:5      | Reached XP level 7. HP: 5/37 MP: 1/14
  4555 | D:5      | Reached skill level 5 in Unarmed Combat
  4677 | D:5      | Found Laypnat's Assorted Antiques.
  4685 | D:5      | Bought a tubular agate ring for 125 gold pieces
  4685 | D:5      | Bought a scroll of identify for 50 gold pieces
  4685 | D:5      | Bought a scroll of identify for 50 gold pieces
  5101 | D:5      | Found a snail-covered altar of Cheibriados.
  5103 | D:5      | Found a deep blue altar of Sif Muna.
  5298 | D:6      | Reached skill level 6 in Unarmed Combat
  6219 | D:4      | Gained mutation: You have razor-sharp teeth. [Vine Stalker
                  | growth]
  6219 | D:4      | Reached XP level 8. HP: 42/42 MP: 13/15
  6362 | D:7      | Reached skill level 7 in Unarmed Combat
  6744 | D:7      | Noticed a troll
  7034 | D:7      | Found a staircase to the Ecumenical Temple.
  7048 | Temple   | Entered the Ecumenical Temple
  7223 | D:7      | Reached skill level 8 in Unarmed Combat
  7299 | D:6      | Reached XP level 9. HP: 17/46 MP: 3/16
  7302 | D:6      | Reached skill level 5 in Fighting
  7554 | D:8      | Noticed a cyclops
  7621 | D:7      | HP: 2/47 [jelly (3)]
  7621 | D:7      | Splashed by a jelly's acid

Levels and vault maps discovered:
D:1:      giann_wishing_wells, layout_basic, st_stairs_12,
          lexackson_kobold_supper
D:2:      layout_rooms, chequers_ecumenical_altar_simple,
          uniq_crazy_yiuf_cottage
D:3:      layout_loops_ring, nicolae_overflow_crystal_walls, uniq_terence
D:4:      layout_rooms, uniq_grinder, uniq_menkaure
D:5:      layout_basic, nicolae_overflow_hidden_temple, first_ration,
          serial_shops, shop
D:6:      layout_gridville
D:7:      layout_cave_pools, minmay_temple_entry_antechambers,
          lightli_corner_chamber
D:8:      layout_rooms, dancing_weapons_uskayaw, kennysheep_mini,
          lemuel_zombie_altar_kikubaaqudgha, serial_shops,
          nicolae_shop_waterfront, the_bakery, uniq_psyche, uniq_pikel
Temple:   nicolae_temple_great_sept

Skill      XL: |  1  2  3  4  5  6  7  8  9 |
---------------+----------------------------+-----
Fighting       | 1 2 3 4 5 |  5.0
Spellcasting   | 3 4 |  4.0
Unarmed Combat | 4 6 8 |  8.5
Poison Magic   | 1 |  1.0
Shields        | 1 2 3 |  3.0
Dodging        | 3 |  3.3
Transmutations | |  2.0

Action                   |  1- 3 |  4- 6 |  7- 9 || total
-------------------------+-------+-------+-------++-------
Melee: Unarmed           |   126 |   196 |   200 ||   522
       Bite              |    32 |    36 |    30 ||    98
       Kick              |    18 |    18 |       ||    36
       Punch             |     3 |     4 |     1 ||     8
       Headbutt          |     2 |    15 |     1 ||    18
Throw: Javelin           |       |     1 |     4 ||     5
 Cast: Beastly Appendage |    18 |    21 |     5 ||    44
       Sticks to Snakes  |     2 |     6 |    11 ||    19
       Spider Form       |       |     7 |    23 ||    30
  Use: Scroll            |     3 |     3 |    10 ||    16
       Potion            |       |     1 |     2 ||     3
 Stab: Sleeping          |     1 |     3 |     2 ||     6
       Distracted        |       |       |     1 ||     1
  Eat: Chunk             |     4 |     8 |    11 ||    23
       Ration            |       |       |     1 ||     1
Armor: Robe              |    35 |    39 |    14 ||    88
       Skin              |       |       |     3 ||     3
Dodge: Dodged            |    88 |   114 |   192 ||   394

Table legend:
 A = Non-vault XP
 B = Vault XP
 C = Vault XP percentage of total XP
 D = Non-vault monster count
 E = Vault monster count
 F = Vault count percentage of total count
                 A         B        C        D         E       F
            +---------+---------+-------+---------+---------+-------
      Total |    2635 |      52 |   1.9 |     148 |      10 |   6.3
            +---------+---------+-------+---------+---------+-------
        D:1 |      43 |      16 |  27.1 |      25 |       9 |  26.5
        D:2 |     109 |       0 |   0.0 |      27 |       0 |   0.0
        D:3 |     135 |      36 |  21.1 |      26 |       1 |   3.7
        D:4 |     325 |       0 |   0.0 |      20 |       0 |   0.0
        D:5 |     282 |       0 |   0.0 |      14 |       0 |   0.0
        D:6 |    1113 |       0 |   0.0 |      22 |       0 |   0.0
        D:7 |     622 |       0 |   0.0 |      13 |       0 |   0.0
        D:8 |       6 |       0 |   0.0 |       1 |       0 |   0.0
            +---------+---------+-------+---------+---------+-------
